 Dungeon Crawl Stone Soup version 0.27-a0-1312-g5cdb2b3542 (webtiles) character file.

Game seed: 15206643378751650277

710 HoaS the Grappler (level 7, -2/43 (53) HPs)
             Began as a Demigod Gladiator on June 20, 2021.
             Slain by Edmund (7 damage)
             ... on level 4 of the Dungeon.
             The game lasted 00:10:03 (3874 turns).

HoaS the Grappler (Demigod Gladiator)               Turns: 3874, Time: 00:10:03

HP:   -2/43 (53)    AC: 11    Str: 23    XL:     7   Next: 17%
MP:   9/9           EV: 11    Int: 10    God:
Gold: 115           SH:  0    Dex: 15    Spells: 6/6 levels left

rFire    . . .     SeeInvis .     - Unarmed
rCold    . . .     Faith    .   (no shield)
rNeg     . . .     Spirit   .   l - +1 scale mail
rPois    .         Reflect  .   j - +2 helmet
rElec    .         Harm     .   (no cloak)
rCorr    .         Rampage  .   m - +0 pair of gloves
Will     .....                  (no boots)
Stlth    ..........             (no amulet)
HPRegen  0.14/turn              (no ring)
MPRegen  0.11/turn              (no ring)

@: heavily drained
A: high mp 1, forlorn
a: no special abilities


You were on level 4 of the Dungeon.
You visited 1 branch of the dungeon, and saw 4 of its levels.

You collected 115 gold pieces.

Inventory:

Missiles
 c - 4 throwing nets (quivered)
 n - 4 boomerangs
Armour
 j - a +2 helmet (worn)
 l - a +1 scale mail (worn)
 m - a +0 pair of gloves (worn)
Scrolls
 d - a scroll of holy word
 k - 3 scrolls of blinking
Potions
 a - 2 potions of heal wounds
 b - a potion of mutation
 e - 3 potions of curing
 f - 2 potions of flight
 g - a potion of haste {unknown}
 h - a potion of cancellation {unknown}
 i - a potion of resistance {unknown}
 p - a potion of might {unknown}


   Skills:
 - Level 1.7 Fighting
 - Level 1.7 Throwing
 - Level 2.6 Dodging
 + Level 8.0 Unarmed Combat


You had 6 spell levels left.
You didn't know any spells.
Your spell library contained the following spells:

 Spells                   Type           Power      Damage    Failure   Level
 Magic Dart               Conj           0%         1d3       71%         1
 Sting                    Tmut/Pois      0%         1d3       71%         1
 Blink                    Tloc           N/A        N/A       83%         2
 Call Imp                 Summ           0%         N/A       83%         2
 Poisonous Vapours        Pois/Air       0%         N/A       83%         2
 Slow                     Hex            0%         N/A       83%         2
 Conjure Flame            Conj/Fire      0%         6-21      97%         3
 Ignite Poison            Fire/Tmut/Pois 0%         N/A       97%         3
 Mephitic Cloud           Conj/Pois/Air  0%         N/A       97%         3
 Olgreb's Toxic Radiance  Pois           0%         N/A       100%        4
 Bolt of Magma            Conj/Fire/Erth 0%         4d4       100%        5
 Iskenderun's Battlesphe  Conj           0%         2d6       100%        5
 Iron Shot                Conj/Erth      0%         9d1       100%        6
 Orb of Destruction       Conj           0%         N/A       100%        7
 Spellforged Servitor     Conj/Summ      0%         N/A       100%        7


Dungeon Overview and Level Annotations

Branches:
Dungeon (4/15)
 Temple: D:4-7

Shops:
D:1 ?

Annotations:
D:4 Edmund


Innate Abilities, Weirdness & Mutations

Your attributes grow dramatically as you level up.
You have an increased reservoir of magic. (+10% MP)
You shall have no god before yourself.


Message History

Edmund is moderately wounded.
Edmund closely misses you.
You hit Edmund.
Edmund is heavily wounded.
Edmund completely misses you.
You closely miss Edmund.
Edmund is heavily wounded.
Edmund hits you with a +1 flail of draining.
You feel drained.
You punch Edmund!
Edmund is severely wounded.
Edmund hits you with a +1 flail of draining!
You feel drained.
You closely miss Edmund.
Edmund is severely wounded.
Edmund hits you with a +1 flail of draining.
You feel drained.
Your scale mail prevents you from hitting Edmund.
Edmund is severely wounded.
You barely miss Edmund.
Edmund is severely wounded.
Edmund hits you but does no damage.
You feel drained.
You hit Edmund.
Edmund is severely wounded.
Edmund hits you with a +1 flail of draining!
* * * LOW HITPOINT WARNING * * *
You feel drained.
* * * LOW HITPOINT WARNING * * *
You closely miss Edmund.
Edmund is severely wounded.
Edmund hits you with a +1 flail of draining.
* * * LOW HITPOINT WARNING * * *
You feel drained.
You hit Edmund.
Edmund is almost dead.
Edmund hits you but does no damage.
You feel drained.
You closely miss Edmund. You punch Edmund.
Edmund is almost dead.
Edmund hits you with a +1 flail of draining!
You die...

#########
#.......#
#.#####.# ######
#.#####.# #....#
#.##.....
#@##.#####.#...#..
#@##.........#.#..
#.########..).....
#.# ########. #.#
##. #.# ##.. ..#
#... ... ##.. #..


You could see Edmund.

Vanquished Creatures
  Sigmund (D:4)
  An ogre (D:3)
  2 howler monkeys (D:4)
  A hound (D:2)
  3 orc wizards
  Robin (D:1)
  8 gnolls
  8 adders
  A howler monkey skeleton (D:4)
  2 worms
  3 dart slugs
  16 orcs
  8 bats
  7 endoplasms
  8 giant cockroaches
  15 goblins
  6 hobgoblins
  4 jackals (D:2)
  4 kobolds
  2 quokkas
  8 ball pythons
  4 frilled lizards
  6 rats
119 creatures vanquished.

Notes
Turn   | Place    | Note
-------+----------+-------------------------------------------
     0 | D:1      | HoaS the Demigod Gladiator began the quest for the Orb.
     0 | D:1      | Reached XP level 1. HP: 17/17 MP: 3/3
    16 | D:1      | Found Nunt's Magic Scroll Boutique.
   127 | D:1      | Reached skill level 3 in Unarmed Combat
   210 | D:1      | Reached XP level 2. HP: 21/24 MP: 4/4
   630 | D:1      | Reached XP level 3. HP: 29/29 MP: 5/5
   802 | D:1      | Reached skill level 4 in Unarmed Combat
  1308 | D:2      | Noticed Robin
  1309 | D:2      | Reached XP level 4. HP: 16/36 MP: 6/6
  1810 | D:1      | Killed Robin
  1811 | D:1      | Reached skill level 5 in Unarmed Combat
  2539 | D:3      | Reached XP level 5. HP: 41/41 MP: 7/7
  2909 | D:3      | Reached skill level 6 in Unarmed Combat
  3096 | D:3      | Reached XP level 6. HP: 36/48 MP: 8/8
  3364 | D:3      | Reached skill level 7 in Unarmed Combat
  3440 | D:4      | Noticed Sigmund
  3487 | D:4      | Killed Sigmund
  3488 | D:4      | Reached XP level 7. HP: 27/53 MP: 9/9
  3699 | D:4      | Reached skill level 8 in Unarmed Combat
  3857 | D:4      | Noticed Edmund
  3874 | D:4      | Slain by Edmund

Illustrated notes

Levels and vault maps discovered:
D:1:      lightli_arrival_noodles, layout_loops_ring, serial_shops, shop_statue,
          minmay_worlds_worst_comb
D:2:      layout_loops_corners, uniq_robin
D:3:      layout_basic, lemuel_tele_altar, marbit_many_paths,
          grunt_temple_overflow_cloverleaf, minmay_misc_feat_four_crosses,
          kennysheep_minor_cross, kennysheep_generic_room_6
D:4:      layout_loops_cross, nicolae_elyvilon_temple_path, uniq_edmund,
          uniq_sigmund

Skill      XL: |  1  2  3  4  5  6  7 |
---------------+----------------------+-----
Unarmed Combat | 3 4 5 6 7 8 |  8.0
Fighting       | |  1.7
Throwing       | |  1.7
Dodging        | |  2.6

Action                   |  1- 3 |  4- 6 |  7- 9 || total
-------------------------+-------+-------+-------++-------
Melee: Unarmed           |   121 |   286 |    35 ||   442
       Punch             |     1 |     8 |     1 ||    10
Throw: Throwing net      |       |     1 |       ||     1
  Use: Scroll            |     2 |     5 |     2 ||     9
 Stab: Held in net/web   |       |     3 |       ||     3
Armor: Leather armour    |    29 |       |       ||    29
       Ring mail         |     4 |    22 |       ||    26
       Scale mail        |       |   119 |     8 ||   127
Dodge: Dodged            |    86 |   137 |    11 ||   234

Table legend: (Time is in decaauts)
 A = Elapsed time spent in this place.
 B = Non-inter-level travel time spent in this place.
 C = Inter-level travel time spent in this place.
 D = Time resting spent in this place.
 E = Time spent auto-exploring this place.
 F = Levels seen in this place.
 G = Mean time per level.
                   A        B        C        D        E       F      G
               +--------+--------+--------+--------+--------+-----+--------+
         Total |   3833 |   3740 |     93 |   1021 |   1806 |   4 |  958.2 |
       Dungeon |   3833 |   3740 |     93 |   1021 |   1806 |   4 |  958.2 |
               +--------+--------+--------+--------+--------+-----+--------+

Top non-repeatable levels by time:
     D:2: 1480 daAuts
     D:1: 1023 daAuts
     D:3: 832 daAuts
     D:4: 497 daAuts
